 Dungeon Crawl Stone Soup version 0.20.0-1-g1cb1d84 (webtiles) character file.

967 Hasart the Skirmisher (level 7, -1/59 HPs)
             Began as a Demigod Warper on May 26, 2017.
             Slain by an orc warrior
             ... wielding a cursed -3 mace
              (16 damage)
             ... on level 5 of the Dungeon.
             The game lasted 00:11:33 (5664 turns).

Hasart the Skirmisher (Demigod Warper)              Turns: 5664, Time: 00:11:34

Health: -1/59      AC: 14    Str: 14    XL:     7   Next: 61%
Magic:  15/15      EV: 12    Int: 19    God:
Gold:   341        SH:  0    Dex: 17    Spells: 8/13 levels left

rFire    . . .     SeeInvis .   D - +4 falchion
rCold    . . .     Gourm    .   (no shield)
rNeg     . . .     Faith    .   k - +3 ring mail
rPois    .         Spirit   .   H - +2 helmet
rElec    .         Reflect  .   v - +0 cloak {+Inv}
rCorr    .         Harm     .   p - +0 pair of gloves
MR       .....                  (no boots)
Stlth    +.........             (no amulet)
Regen    0.2/turn               (no ring)
MPRegen  0.2/turn               (no ring)

@: slowed, very slow
A: high mp 1
a: Evoke Invisibility


You were on level 5 of the Dungeon.
You were very hungry.

You visited 1 branch of the dungeon, and saw 6 of its levels.

You collected 341 gold pieces.

Inventory:

Hand Weapons
 o - a +1 dagger of venom
 D - a +4 falchion (weapon)
Missiles
 e - 5 tomahawks of dispersal (quivered)
 l - 10 javelins
Armour
 k - a +3 ring mail (worn)
 p - a +0 pair of gloves (worn)
 v - a +0 cloak of invisibility (worn)
 H - a +2 helmet (worn)
Wands
 t - a wand of acid (7/15)
 y - a wand of iceblast (7/15)
 B - a wand of polymorph (16/24)
 C - a wand of confusion (20/48)
Scrolls
 d - a scroll of blinking
 j - 2 scrolls of recharging {unknown}
 m - a scroll of enchant weapon {unknown}
 n - 2 scrolls of enchant armour {unknown}
 q - 3 scrolls of identify {unknown}
 s - 2 scrolls of teleportation {unknown}
 w - 2 scrolls of remove curse
 x - a scroll of immolation {unknown}
 z - a scroll of noise {unknown}
 A - a scroll of acquirement {unknown}
 G - a scroll of fog {unknown}
Potions
 a - a potion of lignification {unknown}
 b - 2 potions of curing {unknown}
 g - a potion of degeneration {unknown}
 r - a potion of invisibility {unknown}
 u - a potion of flight {unknown}
 E - a potion of might {unknown}
 J - a potion of heal wounds {unknown}
 K - a potion of resistance {unknown}
Books
 c - a book of Spatial Translocations

   Spells                             Type                      Level
   a - Blink                          Translocation                2
   b - Shroud of Golubria             Charms/Translocation         2
   c - Lesser Beckoning               Translocation                3
   d - Gell's Gravitas                Translocation                3
   e - Teleport Other                 Translocation                3
   f - Passage of Golubria            Translocation                4
 F - a book of Misfortune

   Spells                             Type                      Level
   a - Confusing Touch                Hexes                        1
   b - Confuse                        Hexes                        3
   c - Gell's Gravitas                Translocation                3
   d - Petrify                        Transmutation/Earth          4
   e - Metabolic Englaciation         Hexes/Ice                    5
   f - Yara's Violent Unravelling     Hexes/Transmutation          5
Comestibles
 f - 6 bread rations
 h - 3 fruits
 i - 3 meat rations
 I - a royal jelly


   Skills:
 + Level 4.0 Fighting
 + Level 0.6 Long Blades
   Level 3.8 Maces & Flails
 - Level 0.8 Throwing
 + Level 3.2 Armour
 + Level 3.7 Dodging
 + Level 3.5 Spellcasting
 + Level 3.9 Translocations


You had 8 spell levels left.
You knew the following spells:

 Your Spells              Type           Power        Failure   Level  Hunger
a - Blink                 Tloc           N/A          9%          2    ##.....
b - Lesser Beckoning      Tloc           ###.......   17%         3    ###....


Dungeon Overview and Level Annotations

Branches:
Dungeon (6/15)             Temple (0/1) D:6

Annotations:
D:6 Feta's ghost, novice FoFi


Innate Abilities, Weirdness & Mutations

You have an increased reservoir of magic. (+10% MP)


Message History

You hit the orc warrior but do no damage.
The orc warrior is lightly wounded.
The orc wizard casts a spell at you.
You feel yourself slow down. The orc warrior hits you with a mace!
You hit the orc warrior.
The orc warrior is moderately wounded.
The orc wizard hits you with a dagger. The orc warrior hits you with a mace.
* * * LOW HITPOINT WARNING * * *
The orc wizard hits you but does no damage.
The orc warrior hits you but does no damage.
You hit the orc warrior.
The orc warrior is moderately wounded.
The orc wizard hits you but does no damage.
The orc warrior hits you with a mace.
* * * LOW HITPOINT WARNING * * *
The orc wizard hits you but does no damage.
You hit the orc warrior.
The orc warrior is heavily wounded.
The orc warrior hits you with a mace!
You die...

##.............
##.........#####
#...............
##.......#.#####
##.....##.# #. ###
##.....##.## #. ##.##
#..........###.
##.#(#######.....#.#.....
#.###..o@oo.....##...####
##.#.#######.#.####### #
##.## #.### # #.# #.# #
#.# #.# # #.# #.# # #.#
#.# # #.# #.# #.# #.#


You could see an orc warrior and 2 orc wizards.

Vanquished Creatures
  An ice beast (D:5)
  2 ogres
  A scorpion (D:5)
  2 howler monkeys
  2 crimson imps (D:5)
  Crazy Yiuf (D:2)
  2 hounds (D:4)
  5 iguanas
  3 worker ants
  A worker ant zombie (D:5)
  13 adders
  An ooze (D:4)
  2 worms (D:3)
  5 dart slugs
  7 leopard geckos
  4 orcs (D:4)
  6 bats
  4 giant cockroaches
  7 goblins
  6 hobgoblins
  5 jackals (D:2)
  5 kobolds
  2 quokkas
  3 frilled lizards
  A jackal skeleton (D:4)
  8 rats
99 creatures vanquished.

Vanquished Creatures (others)
  14 toadstools (D:1)
14 creatures vanquished.

Grand Total: 113 creatures vanquished

Notes
Turn   | Place    | Note
-------+----------+-------------------------------------------
     0 | D:1      | Hasart the Demigod Warper began the quest for the Orb.
     0 | D:1      | Reached XP level 1. HP: 17/17 MP: 5/5
   508 | D:1      | Reached XP level 2. HP: 15/24 MP: 7/7
   747 | D:1      | Reached skill level 2 in Fighting
  1258 | D:2      | Learned a level 2 spell: Blink
  1329 | D:2      | Reached skill level 1 in Armour
  1378 | D:2      | Reached XP level 3. HP: 22/29 MP: 9/9
  1810 | D:2      | Reached XP level 4. HP: 36/36 MP: 10/10
  1830 | D:2      | Found a runed door.
  1834 | D:2      | Noticed Crazy Yiuf
  1859 | D:2      | Killed Crazy Yiuf
  2576 | D:3      | Reached XP level 5. HP: 35/42 MP: 11/11
  2655 | D:3      | Learned a level 3 spell: Lesser Beckoning
  3161 | D:4      | Noticed an ogre
  3183 | D:4      | Killed an ogre
  3183 | D:4      | Reached skill level 3 in Fighting
  3276 | D:4      | Found a shadowy altar of Dithmenos.
  3287 | D:4      | Reached XP level 6. HP: 48/51 MP: 13/13
  3372 | D:4      | Found an opulent altar of Gozag.
  3953 | D:5      | Entered Level 5 of the Dungeon
  4193 | D:5      | Reached XP level 7. HP: 44/57 MP: 15/15
  5210 | D:6      | Noticed Feta's ghost (novice FoFi)
  5489 | D:6      | Found a staircase to the Ecumenical Temple.
  5500 | D:5      | Reached skill level 4 in Fighting
  5664 | D:5      | Slain by an orc warrior

Skill      XL: |  1  2  3  4  5  6  7 |
---------------+----------------------+-----
Maces & Flails | 2 3 |  3.8
Dodging        | 2 3 |  3.7
Spellcasting   | 2 3 |  3.5
Fighting       | 2 3 4 |  4.0
Armour         | 1 2 3 |  3.2
Translocations | 3 |  3.9
Long Blades    | |  0.6
Throwing       | |  0.8

Action                   |  1- 3 |  4- 6 |  7- 9 || total
-------------------------+-------+-------+-------++-------
Melee: Mace              |    33 |       |       ||    33
       Short sword       |     6 |       |       ||     6
       Dagger            |    92 |   119 |       ||   211
       Falchion          |       |    52 |    92 ||   144
  Use: Scroll            |     1 |     1 |       ||     2
 Stab: Distracted        |     1 |       |       ||     1
  Eat: Chunk             |     3 |     7 |     4 ||    14
Armor: Leather armour    |     5 |       |       ||     5
       Ring mail         |    56 |    73 |    37 ||   166
Dodge: Dodged            |   100 |    96 |    63 ||   259
       Rpst.: Falchion   |       |    14 |    19 ||    33
